 Dungeon Crawl Stone Soup version 0.30.1-1-g62c8e00024 (webtiles) character file.

Game seed: 1650006271824282597

1786451 LordWeiramon the Middleweight Champion (level 27, 273/273 HPs)
             Began as a Hill Orc Monk on July 17, 2023.
             Was the Champion of Cheibriados.
             Escaped with the Orb
             ... and 3 runes!
             The game lasted 04:14:35 (60533 turns).

LordWeiramon the Middleweight Champion (HOMo)      Turns: 60533, Time: 04:14:36

Health: 273/273    AC: 52    Str: 44    XL:     27
Magic:  29/29      EV: 25    Int: 27    God:    Cheibriados [******]
Gold:   5609       SH: 25    Dex: 25    Spells: 19/26 levels left

rFire   + +          .
                       - Unarmed
rCold   + + .        u - +2 tower shield
rNeg    + + +        Q - +13 crystal plate armour {rC+}
rPois   +            K - +2 hat of Generosity {+Inv rElec rF+ rN+ Dex-3}
rElec   +            n - scarf {rC+ rF+}
rCorr   .            J - +2 pair of gloves {Str+3}
SInv    +            s - +1 pair of boots "Peanu" {rPois Will+ SInv}
Will    ++++.        q - amulet "Rivoisor" {rN+ Regen+} Stlth
                     A - ring of Visem {rN+ Will+ Int+2}
HPRegen 1.45/turn    r - +5 ring of evasion
MPRegen 0.21/turn

%: no passive effects
@: studying 2 skills, very slow
A: deterioration 1, weak 1, evolution 1, subdued magic 1, MP-powered wands
0: Orb of Zot
}: 3/15 runes: decaying, silver, gossamer
a: Renounce Religion, Evoke Invisibility, Bend Time, Temporal Distortion,
Slouch, Step From Time


You escaped.
You worshipped Cheibriados.
Cheibriados was exalted by your worship.
You visited 11 branches of the dungeon, and saw 51 of its levels.
You also visited: Trove, Sewer, Ice Cave and Volcano.

You collected 9783 gold pieces.
You spent 4174 gold pieces at shops.

Inventory:

Missiles
 p - a throwing net (quivered)
Armour
 n - a scarf of resistance (worn)
 s - the +1 pair of boots "Peanu" (worn) {rPois Will+ SInv}
   (You found it on level 12 of the Dungeon)

   rPois:     It protects you from poison.
   SInv:      It lets you see invisible.
   Will:      It increases your willpower.
 t - the +1 pair of boots of the Gusle {Contam Will++ rCorr Dex+3}
   (You acquired it on level 1 of the Realm of Zot)

   Dex:       It affects your dexterity (+3).
   Contam:    It causes magical contamination when unequipped.
   rCorr:     It protects you from acid and corrosion.
   Will:      It greatly increases your willpower.
 u - a +2 tower shield (worn)
 J - a +2 pair of gloves of strength (worn)
 K - the +2 hat of Generosity (worn) {+Inv rElec rF+ rN+ Dex-3}
   (You found it on level 2 of the Realm of Zot)

   Dex:       It affects your dexterity (-3).
   rF:        It protects you from fire.
   rElec:     It insulates you from electricity.
   rN:        It protects you from negative energy.
   +Inv:      It lets you turn invisible.
 Q - a +13 crystal plate armour of cold resistance (worn)
 Z - a +2 helmet of intelligence
Jewellery
 f - the ring "Xialap" {rC+ Str+6 Slay+3 SInv}
   (You took it off a deep elf death mage on level 5 of the Vaults)

   [ring of strength]

   Str:       It affects your strength (+6).
   Slay:      It affects your accuracy & damage with ranged weapons and melee
   (+3).
   rC:        It protects you from cold.
   SInv:      It lets you see invisible.
 q - the amulet "Rivoisor" (around neck) {rN+ Regen+}
   (You took it off a deep elf sorcerer on level 3 of the Elven Halls)

   [amulet of regeneration]

   rN:        It protects you from negative energy.
   Regen:     It increases your rate of health regeneration.
 r - a +5 ring of evasion (right hand)
 A - the ring of Visem (left hand) {rN+ Will+ Int+2}
   (You took it off a yaktaur captain on level 5 of the Vaults)

   [ring of positive energy]

   Int:       It affects your intelligence (+2).
   rN:        It protects you from negative energy.
   Will:      It increases your willpower.
 F - the ring of Roaqoj {rPois rCorr}
   (You found it on level 2 of the Spider Nest)

   [ring of resist corrosion]

   rPois:     It protects you from poison.
   rCorr:     It protects you from acid and corrosion.
 O - a ring of protection from fire
 R - the amulet of the Air {Inacc Air Fly rElec RMsl}
   (You took it off a rakshasa on level 2 of the Depths)

   [amulet of nothing]

   Inacc:     It reduces the accuracy of your attacks and spells.
   Air:       It enhances your air magic.
   rElec:     It insulates you from electricity.
   Fly:       It grants you flight.
   RMsl:      It protects you from missiles.
 T - the ring "Kegenom" {Fly rElec rC- Str+3}
   (You found it in an ice cave)

   [ring of flight]

   Str:       It affects your strength (+3).
   rC:        It makes you vulnerable to cold.
   rElec:     It insulates you from electricity.
   Fly:       It grants you flight.
 U - the ring of Ygunnu Lero {rPois Int+6 Stlth+}
   (You took it off a deep elf sorcerer on level 3 of the Elven Halls)

   [ring of intelligence]

   Int:       It affects your intelligence (+6).
   rPois:     It protects you from poison.
   Stlth:     It makes you more stealthy.
 X - the ring "Kecare" {rPois rF+ rC- rCorr}
   (You found it in a treasure trove)

   [ring of resist corrosion]

   rF:        It protects you from fire.
   rC:        It makes you vulnerable to cold.
   rPois:     It protects you from poison.
   rCorr:     It protects you from acid and corrosion.
 Y - a ring of see invisible
Wands
 c - a wand of acid (15)
 h - a wand of paralysis (45)
 o - a wand of polymorph (14)
 B - a wand of flame (151)
 C - a wand of roots (67)
 D - a wand of mindburst (47)
 N - a wand of digging (16)
Scrolls
 b - 8 scrolls of butterflies
 e - 12 scrolls of poison
 g - 14 scrolls of blinking
 j - 5 scrolls of fear
 k - 2 scrolls of enchant armour
 y - 19 scrolls of teleportation
 G - 6 scrolls of amnesia
 M - 7 scrolls of fog
 W - a scroll of magic mapping
Potions
 d - 3 potions of magic
 i - 27 potions of curing
 l - 11 potions of heal wounds
 m - 11 potions of flight
 x - 6 potions of invisibility
 z - 8 potions of brilliance
 E - 7 potions of resistance
 I - 9 potions of ambrosia
 L - 5 potions of cancellation
 P - 14 potions of mutation
 V - 6 potions of might
Miscellaneous
 a - a phantom mirror
 v - a lightning rod (4/4)
 w - a box of beasts
 S - a condenser vane


   Skills:
 O Level 27 Fighting
 + Level 24.9 Armour
 - Level 15.0 Dodging
 - Level 17.3 Shields
 O Level 27 Unarmed Combat
 - Level 8.1 Invocations
 - Level 17.0 Evocations


You had 19 spell levels left.
You knew the following spells:

 Your Spells              Type           Power      Damage    Failure   Level
a - Dragon Form           Tmut           0%         N/A       100%        7

Your spell library contained the following spells:

 Spells                   Type           Power      Damage    Failure   Level
 Magic Dart               Conj           0%         1d3       50%         1
 Shock                    Conj/Air       0%         1d3       50%         1
 Slow                     Hex            0%         N/A       50%         1
 Sting                    Tmut/Pois      0%         1d3       50%         1
 Summon Small Mammal      Summ           0%         N/A       50%         1
 Call Imp                 Summ           0%         N/A       65%         2
 Ensorcelled Hibernation  Hex/Ice        0%         N/A       65%         2
 Passwall                 Tmut/Erth      0%         N/A       65%         2
 Poisonous Vapours        Pois/Air       0%         N/A       65%         2
 Searing Ray              Conj           0%         2d4       65%         2
 Sublimation of Blood     Necr           0%         N/A       65%         2
 Call Canine Familiar     Summ           0%         N/A       87%         3
 Frozen Ramparts          Ice            0%         1d1       87%         3
 Gell's Gravitas          Tloc           0%         N/A       87%         3
 Ignite Poison            Fire/Tmut/Pois 0%         N/A       87%         3
 Inner Flame              Hex/Fire       0%         N/A       87%         3
 Mephitic Cloud           Conj/Pois/Air  0%         N/A       87%         3
 Ozocubu's Armour         Ice            0%         N/A       87%         3
 Portal Projectile        Hex/Tloc       0%         N/A       87%         3
 Spider Form              Tmut/Pois      0%         N/A       87%         3
 Stone Arrow              Conj/Erth      0%         3d7       87%         3
 Summon Guardian Golem    Hex/Summ       0%         N/A       87%         3
 Swiftness                Air            0%         N/A       87%         3
 Teleport Other           Tloc           0%         N/A       87%         3
 Tukima's Dance           Hex            0%         N/A       87%         3
 Airstrike                Air            0%         2d(0-16)  99%         4
 Anguish                  Hex/Necr       0%         N/A       99%         4
 Animate Armour           Summ/Erth      0%         N/A       99%         4
 Animate Dead             Necr           0%         N/A       99%         4
 Cause Fear               Hex            0%         N/A       99%         4
 Fulminant Prism          Conj/Hex       0%         3d5       99%         4
 Ice Form                 Ice/Tmut       0%         N/A       99%         4
 Olgreb's Toxic Radiance  Pois           0%         N/A       99%         4
 Passage of Golubria      Tloc           0%         N/A       99%         4
 Petrify                  Tmut/Erth      0%         N/A       99%         4
 Sticky Flame             Conj/Fire      0%         2d3       99%         4
 Alistair's Intoxication  Tmut/Pois      0%         N/A       100%        5
 Blade Hands              Tmut           0%         N/A       100%        5
 Borgnjor's Vile Clutch   Necr/Erth      0%         N/A       100%        5
 Irradiate                Conj/Tmut      0%         3d11      100%        5
 Iskenderun's Battlesphe  Conj           0%         2d6       100%        5
 Lee's Rapid Deconstruct  Erth           0%         3d4*      100%        5
 Metabolic Englaciation   Hex/Ice        0%         N/A       100%        5
 Silence                  Hex/Air        0%         N/A       100%        5
 Yara's Violent Unravell  Hex/Tmut       0%         3d3       100%        5
 Conjure Ball Lightning   Conj/Air       0%         3x3d6     100%        6
 Death Channel            Necr           0%         N/A       100%        6
 Dispersal                Tloc           0%         N/A       100%        6
 Eringya's Noxious Bog    Tmut/Pois      0%         N/A       100%        6
 Iron Shot                Conj/Erth      0%         9d1       100%        6
 Statue Form              Tmut/Erth      0%         N/A       100%        6
 Enfeeble                 Hex            0%         N/A       100%        7
 Spellforged Servitor     Conj/Summ      0%         N/A       100%        7
 Storm Form               Tmut/Air       0%         N/A       100%        7
 Discord                  Hex            0%         N/A       100%        8
 Disjunction              Tloc           0%         N/A       100%        8
 Ignition                 Fire           0%         3d3       100%        8
 Lehudib's Crystal Spear  Conj/Erth      0%         10d2      100%        8
 Chain Lightning          Conj/Air       0%         N/A       100%        9
 Dragon's Call            Summ           0%         N/A       100%        9
 Fire Storm               Conj/Fire      0%         5d1       100%        9
 Shatter                  Erth           0%         3d5*      100%        9


Dungeon Overview and Level Annotations

Branches:
Dungeon (15/15)            Temple (1/1) D:5            Lair (5/5) D:10
  Swamp (4/4) Lair:3       Spider (4/4) Lair:3        Slime (0/5) Lair:5
    Orc (2/2) D:9             Elf (3/3) Orc:2        Vaults (5/5) D:13
  Crypt (3/3) Vaults:2       Tomb (0/3) Crypt:3      Depths (4/4) D:15
    Zot (5/5) Depths:4      Sewer (visited)           IceCv (visited)
Volcano (visited)

Altars:
Ashenzari
Cheibriados
Dithmenos
Elyvilon
Fedhas
Gozag
Hepliaklqana
Kikubaaqudgha
Makhleb
Nemelex Xobeh
Okawaru
Qazlal
Sif Muna
Trog
Uskayaw
Vehumet
Wu Jian
Xom
Yredelemnul
Zin
The Shining One
Beogh

Shops:
D:1 !   D:3 (   D:4 [   D:6 [   D:7 *   Orc:1 (   Orc:2 =[(   Elf:1 ??!!
Elf:3 [   Vaults:1 :   Vaults:2 :   Vaults:3 [[*:*   Depths:1 :   Depths:2 !
Depths:3 :=:

Portals:
Hell: Depths:1 Depths:2 Depths:3 Depths:4
Abyss: Depths:1 Depths:3
Pandemonium: Depths:2 Depths:3
Ziggurat: Depths:3

Annotations:
D:3 1 runed translucent door, Crazy Yiuf
Temple 2 transporters
Lair:2 exclusion: bullfrog, Harold
Elf:1 exclusion: orange crystal statue
Vaults:4 2 transporters
Zot:1 1 transporter


Innate Abilities, Weirdness & Mutations

Your body sometimes deteriorates upon taking damage.
You are weak. (Str -2)
You have hidden genetic potential.
Your spells are a little easier to cast, but a little less powerful.
You expend magic power (3 MP) to strengthen your wands.


Message History

You barely miss the sun demon.
The sun demon hits you but does no damage.
You block the sun demon's attack.
You barely miss the sun demon. You block the sun demon's attack.
You pummel the sun demon like a punching bag!!!
You kill the sun demon!
Cheibriados thoroughly appreciates the change of pace.
You block the sun demon's attack.
You pummel the sun demon!!
The sun demon is moderately wounded.
The sun demon closely misses you. You block the balrug's attack.
You pummel the balrug like a punching bag!!!
The balrug is severely wounded.
You completely miss the balrug.
The balrug is severely wounded.
The balrug hits you but does no damage. The sun demon closely misses you.
You pound the balrug into fine dust!!!
You kill the balrug!
Cheibriados thoroughly appreciates the change of pace.
The sun demon misses you. You block the sun demon's attack.
You miss the sun demon.
The sun demon is moderately wounded.
The sun demon closely misses you. The sun demon barely misses you.
You pulverise the sun demon!!!
You kill the sun demon!
Cheibriados appreciates the change of pace.
You squash the sun demon like an ant!!!!
You kill the sun demon!
Cheibriados appreciates the change of pace.
Aiming: Dig
Press: ? - help, Shift-Dir - straight line A rock wall.
This square is covered in magical glow.
You feel a surge of power!
The rock shatters into small pieces.
A chaos spawn comes into view.
The chaos spawn bleats!
You feel a little less mighty now.
There is a staircase leading out of the dungeon here.
You block the chaos spawn's attack.
You have escaped!

........#.#...........#.#........
........##.....#.#.....##........
........#^.....#.#......######.#.
......#.#......#.#......##.......
...)..#.#....#.#.#.#....##.......
......#.#...##.#.#.##...##.......
......#.#.....⌠#.#⌠.....##.......
...####.#..#####4#####..##.......
...# #.........@................
...# #.#..#####.#####..#........
...# #.#.....⌠#.#⌠.....#....##..
...# #.#...##.#.#.##...#.#####..
##.# #.#....#.#.#.#....#.# #..
#.####.#......#.#......#.# #..
#.#....#......#.#......#.# #..
#....####.....#.#.....##.# ##.
#..[.# #.#...........#.#.# #.


You could see a chaos spawn.

Vanquished Creatures
  2 orbs of fire (Zot:5)
  A dread lich (Zot:5)
  8 ancient liches
  Mara (Depths:1)
  3 juggernauts
  The ghost of Atisk the Conqueror, a master MfBe of Trog (Zot:2)
  7 Killer Klowns (Zot:5)
  Boris (twice) (Vaults:5 Depths:4)
  Parghit (Zot:1)
  Saint Roka (Vaults:3)
  3 curse toes
  The ghost of Allukodu the Slayer, a veteran MiGl of Gozag (Depths:1)
  A caustic shrike (Depths:1)
  11 golden dragons
  3 bone dragons
  4 electric golems
  A Tzitzimitl (Zot:5)
  An Ice Fiend (Zot:4)
  21 tentacled monstrosities
  A Hell Sentinel (Zot:2)
  A walking crystal tome (Depths:4)
  A shard shrike skeleton (Crypt:1)
  3 liches
  29 Orb Guardians
  3 titans
  A deep elf blademaster (Elf:3)
  8 ancient champions
  10 quicksilver dragons
  10 death cobs
  4 sphinxes
  5 shadow dragons
  4 revenants
  An azure jelly (Swamp:4)
  The ghost of diecastcamel the Spry, an adept DjCj of Makhleb (Swamp:2)
  9 storm dragons
  8 tengu reavers
  6 draconian monks
  4 draconian knights
  7 fire giants
  5 emperor scorpions
  11 frost giants
  3 draconian scorchers
  9 deep elf sorcerers
  19 vault wardens
  2 curse skulls
  6 draconian stormcallers
  A balrug (D:1)
  4 spectral caustic shrikes (Depths:3)
  A broodmother (Spider:2)
  5 draconian shifters
  11 ghost moths
  4 deep elf elementalists (Elf:3)
  2 cacodemons
  A juggernaut skeleton (Depths:1)
  18 ironbound preservers
  16 green draconians
  2 orc warlords
  42 very ugly things
  7 ghouls
  2 spriggan defenders
  15 stone giants
  3 draconian annihilators
  6 war gargoyles
  A caustic shrike skeleton (Crypt:1)
  9 ironbound thunderhulks
  5 vampire knights
  4 deep elf demonologists (Elf:3)
  11 red draconians
  6 deep elf annihilators (Elf:3)
  3 eleionomae
  A lorocyproca (D:14)
  4 bunyips
  9 purple draconians
  5 white draconians
  8 yellow draconians
  9 black draconians
  A merfolk impaler (Depths:1)
  7 dire elephants (Vaults:1)
  11 deep elf death magi
  An eidolon (Crypt:1)
  7 spark wasps
  3 green deaths
  A crystal guardian (Vaults:3)
  11 ettins
  The ghost of bahustanut the Grappler, a journeyman TrTm of Okawaru (Lair:2)
  A shambling mangrove (Swamp:1)
  Fannar (D:10)
  10 fire dragons
  8 deep elf high priests
  14 jiangshi
  19 hydras
  9 entropy weavers
  10 yaktaur captains
  4 peacekeepers
  37 vault guards
  12 ice dragons
  8 great orbs of eyes
  5 rakshasas
  5 jorogumos
  A catoblepas (Lair:5)
  Erolcha (Orc:1)
  13 centaur warriors
  9 ironbound frosthearts
  6 ghost crabs
  2 radroaches
  3 spriggan air magi
  2 spriggan skeletons
  An ogre mage (D:15)
  A two-headed ogre (shapeshifter) (Vaults:5)
  A boulder beetle (Lair:5)
  A death knight (Vaults:2)
  Erica (Orc:1)
  22 dancing weapons
  4 two-headed ogres
  A bennu zombie (Crypt:3)
  5 alligators
  5 hell hogs (Depths:1)
  10 deep troll shamans
  2 death yaks (IceCv)
  5 deep troll earth magi
  4 tengu warriors
  Urug (Lair:2)
  2 titan zombies (Depths:1)
  9 vampire magi
  3 soul eaters
  10 spriggan berserkers
  8 orc high priests (Orc:2)
  Nergalle (D:10)
  12 sun demons
  3 hell knights
  13 deep elf knights
  A titan skeleton (Crypt:3)
  5 goliath frogs
  A sixfirhy (Depths:3)
  A salamander mystic (Depths:1)
  3 flayed ghosts
  An anaconda zombie (Crypt:1)
  4 shadow wraiths
  A golden dragon zombie (Depths:1)
  12 skeletal warriors
  3 spriggan druids
  A death drake (Zot:2)
  47 deep trolls
  2 iron trolls (Depths:3)
  A cherub (D:4)
  7 glowing orange brains
  A shadow demon (Depths:4)
  11 phantasmal warriors
  16 orb spiders
  10 deep elf archers
  5 swamp dragons
  An obsidian statue (Vaults:1)
  A glowing orange brain (shapeshifter) (Depths:4)
  11 bog bodies
  2 anaconda skeletons (Crypt:3)
  12 lindwurms
  2 orc knights
  2 spriggan simulacra (Crypt:2)
  21 ironbound convokers
  3 harpies (Vaults:1)
  8 necromancers
  7 wizards
  3 cyclopes
  A golden dragon skeleton (Crypt:2)
  4 steelbarb worms
  A tengu zombie (Depths:1)
  A sphinx zombie (Vaults:4)
  28 deep elf zephyrmancers
  A tengu skeleton (Crypt:2)
  A wolf spider (shapeshifter) (Depths:4)
  15 wolf spiders
  A wolf spider zombie (Crypt:1)
  4 orc sorcerers
  17 deep elf pyromancers
  44 ugly things
  Joseph (D:7)
  3 manticores
  4 salamanders
  2 will-o-the-wisps
  A fire giant skeleton (Crypt:1)
  21 moths of wrath
  A shining eye (Depths:1)
  2 rust devils (Depths:3)
  4 black mambas
  18 vault sentinels
  7 demonic crawlers
  A titan simulacrum (Crypt:3)
  A frost giant skeleton (Depths:1)
  A smoke demon (Depths:3)
  A centaur zombie (Crypt:3)
  A dire elephant zombie (Crypt:2)
  A naga mage (D:15)
  An eye of devastation (Depths:1)
  3 gargoyles
  A molten gargoyle (Depths:3)
  An ice statue (IceCv)
  An orange demon (Depths:3)
  13 cane toads
  Maggie (D:7)
  6 torpor snails
  A guardian serpent (shapeshifter) (Depths:4)
  A yellow draconian zombie (Crypt:3)
  9 komodo dragons
  Psyche (D:8)
  11 freezing wraiths
  A rime drake (Lair:4)
  A kobold demonologist (D:11)
  A death yak zombie (Crypt:3)
  A white draconian zombie (Crypt:1)
  An ice devil (Depths:2)
  3 tengu conjurers
  An efreet (Volcano)
  12 yaktaurs
  9 trolls
  2 guardian mummies
  A grey draconian skeleton (Crypt:3)
  A tormentor (D:1)
  A red devil (Depths:3)
  2 hellwings
  10 polar bears
  A harpy skeleton (Crypt:1)
  A bloated husk (Swamp:4)
  A radroach zombie (Crypt:1)
  5 meliai
  7 tyrant leeches
  27 tarantellas
  18 hornets
  A dream sheep (Lair:5)
  An iron troll skeleton (Crypt:1)
  A sphinx simulacrum (Depths:1)
  6 blink frogs
  The ghost of 7w4c the Caller, an amateur MfSu of Yredelemnul (D:5)
  An ettin zombie (Depths:1)
  6 flying skulls (Crypt:1)
  A snapping turtle (shapeshifter) (D:15)
  28 slime creatures
  20 spriggans
  2 air elementals
  Sigmund (D:3)
  15 culicivoras
  22 jumping spiders
  A centaur simulacrum (D:15)
  5 vampires (Crypt:3)
  5 fire elementals
  2 black mamba skeletons (Crypt:3)
  3 water elementals
  4 shadows
  A ynoxinul (Depths:2)
  20 humans (D:13)
  44 yaks
  A wraith (D:11)
  5 wyverns
  5 basilisks
  A chaos spawn (Depths:2)
  39 redbacks
  A redback simulacrum (D:15)
  A steam dragon (D:10)
  12 vampire mosquitoes
  4 swamp worm simulacra (Swamp:4)
  11 swamp worms
  A warg (shapeshifter) (D:13)
  A demonspawn zombie (Crypt:2)
  4 acid dragons
  9 wargs
  15 hydra simulacra (Swamp:4)
  A water moccasin (shapeshifter) (Vaults:5)
  16 water moccasins
  2 deep troll zombies
  2 floating eyes (shapeshifter)
  2 glowing shapeshifter skeletons
  A cane toad zombie (Crypt:2)
  Duvessa (D:4)
  23 orc warriors
  2 ice beasts
  2 swamp drakes
  8 black bears
  A swamp dragon zombie (Crypt:2)
  51 wolves
  10 ogres
  13 boggarts
  A hog zombie (Crypt:2)
  8 centaurs
  2 phantoms
  A komodo dragon zombie (Crypt:2)
  5 kobold brigands
  5 human skeletons
  12 bullfrogs
  3 earth elementals
  3 scorpions
  A bullfrog (shapeshifter) (Elf:1)
  5 necrophages
  4 gnoll sergeants
  Dowan (D:4)
  24 killer bees
  A warg skeleton (Crypt:3)
  5 howler monkeys
  7 electric eels
  4 human zombies
  3 jellies
  33 orc priests
  9 hounds
  A gnoll bouda (D:7)
  3 sleepcaps
  8 iguanas
  15 orc wizards
  A scorpion zombie (Crypt:1)
  Terence (D:2)
  An acid dragon zombie (Crypt:3)
  A naga skeleton (Crypt:3)
  16 mummies
  Robin (D:2)
  9 adders
  23 gnolls
  3 river rats (D:3)
  2 white imps
  4 swamp drake simulacra (Swamp:4)
  An ufetubus (D:6)
  2 worms
  4 dart slugs
  81 orcs
  13 ball pythons
  9 endoplasms
  14 giant cockroaches
  16 goblins
  16 hobgoblins
  9 jackals
  12 quokkas
  A ball python skeleton (Crypt:3)
  9 bats
  8 frilled lizards
  A hobgoblin skeleton (Crypt:2)
  23 kobolds
  7 rats
  A spectral weapon (Spider:2)
2247 creatures vanquished.

Vanquished Creatures (others)
  Asterion (Spider:2)
  A hydra (Swamp:4)
  A bog body (Swamp:4)
  A goliath frog (Swamp:1)
  A wizard (D:13)
  A swamp worm (Swamp:4)
  2 orcs
  12 foxfires
20 creatures vanquished.

Grand Total: 2267 creatures vanquished

Notes
Turn   | Place    | Note
-------+----------+-------------------------------------------
     0 | D:1      | LordWeiramon the Hill Orc Monk began the quest for the Orb.
     0 | D:1      | Reached XP level 1. HP: 19/19 MP: 1/1
   157 | D:1      | Reached XP level 2. HP: 25/26 MP: 2/2
   261 | D:1      | Found Toixtom's Distillery.
   300 | D:1      | Bought a potion of curing for 33 gold pieces
   561 | D:1      | Reached XP level 3. HP: 31/31 MP: 3/3
   828 | D:1      | You fall into a shaft and drop 1 floor!
  1028 | D:1      | Reached skill level 5 in Unarmed Combat
  1308 | D:2      | Noticed Robin
  1326 | D:2      | Reached XP level 4. HP: 35/39 MP: 4/4
  1348 | D:2      | Killed Robin
  1697 | D:2      | Noticed Terence
  1729 | D:2      | Reached XP level 5. HP: 45/45 MP: 5/5
  1924 | D:3      | Noticed an ice beast
  1940 | D:3      | Killed an ice beast
  2085 | D:3      | Noticed Sigmund
  2221 | D:3      | Found a glowing drain.
  2235 | D:3      | Reached XP level 6. HP: 49/51 MP: 6/6
  2262 | Sewer    | Entered a sewer
  2673 | D:3      | Found a runed translucent door.
  2674 | D:3      | Noticed Crazy Yiuf
  2735 | D:3      | Reached XP level 7. HP: 60/60 MP: 7/7
  2753 | D:3      | Found Xuvud's Antique Weapon Shoppe.
  2762 | D:3      | Identified the +2 ring mail of the Komodo Dragon {rElec
                  | Str+2}
  3019 | D:2      | Killed Terence
  3288 | D:1      | Bought a potion of might for 44 gold pieces
  3400 | D:3      | Identified the +1 dagger of Terror {heavy, rF+ rC++ Str+2
                  | Stlth+}
  3422 | D:3      | Found a glowing golden altar of the Shining One.
  3575 | D:4      | Found a white marble altar of Elyvilon.
  4007 | D:4      | Found Corik's Antique Armour Boutique.
  4032 | D:4      | Reached skill level 5 in Fighting
  4172 | D:4      | Noticed Dowan
  4207 | D:4      | Killed Dowan
  4508 | D:4      | Reached XP level 8. HP: 60/68 MP: 8/8
  4617 | D:4      | Noticed Duvessa
  4727 | D:5      | Entered Level 5 of the Dungeon
  4740 | D:5      | Reached skill level 10 in Unarmed Combat
  4806 | D:5      | Found a hide-covered altar of Uskayaw.
  4991 | D:5      | Found a staircase to the Ecumenical Temple.
  4998 | Temple   | Entered the Ecumenical Temple
  4998 | Temple   | Found a transporter.
  4998 | Temple   | Found a transporter.
  5000 | Temple   | Found a transporter.
  5000 | Temple   | Found a transporter.
  5014 | Temple   | Became a worshipper of Cheibriados the Contemplative
  5014 | Temple   | Reached * piety under Cheibriados
  5014 | Temple   | Reached ** piety under Cheibriados
  5066 | D:5      | Found a large runed translucent door.
  5066 | D:5      | Found a large runed translucent door.
  5133 | D:5      | Reached skill level 1 in Evocations
  5369 | D:5      | Found a shadowy altar of Dithmenos.
  5564 | D:5      | Noticed 7w4c's ghost (amateur MfSu)
  5681 | D:3      | Killed Sigmund
  5837 | D:4      | Killed Duvessa
  5838 | D:4      | Reached skill level 5 in Evocations
  6063 | D:6      | Found Quha's Armour Shoppe.
  6243 | D:6      | Reached XP level 9. HP: 39/75 MP: 9/9
  6667 | D:6      | Found a glowing silver altar of Zin.
  6837 | D:5      | Killed 7w4c's ghost
  6838 | D:5      | Reached skill level 5 in Dodging
  6895 | D:6      | Found a burning altar of Makhleb.
  6992 | D:6      | Reached *** piety under Cheibriados
  7624 | D:7      | Found Emmoxt's Overcharged Wands.
  7898 | D:7      | Found an ornate altar of the Wu Jian Council.
  8144 | D:7      | Reached XP level 10. HP: 75/83 MP: 11/13
  8200 | D:7      | Reached **** piety under Cheibriados
  8201 | D:7      | Reached skill level 5 in Invocations
  8233 | D:7      | Noticed Maggie
  8244 | D:7      | Killed Maggie
  8546 | D:7      | Noticed Joseph
  8553 | D:7      | Killed Joseph
  8919 | D:8      | Found a shimmering altar of Xom.
  9292 | D:8      | Found a radiant altar of Vehumet.
  9298 | D:8      | Noticed Psyche
  9306 | D:8      | Killed Psyche
  9596 | D:8      | Reached ***** piety under Cheibriados
  9920 | D:1      | Bought a potion of might for 44 gold pieces
  9920 | D:1      | Bought 2 potions of heal wounds for 110 gold pieces
  9920 | D:1      | Bought a potion of cancellation for 88 gold pieces
 10290 | D:9      | Paralysed by a hornet for 2 turns
 10514 | D:9      | Reached XP level 11. HP: 79/89 MP: 14/14
 10640 | D:9      | Found a stormy altar of Qazlal.
 10840 | D:9      | Found a staircase to the Orcish Mines.
 11133 | D:10     | Entered Level 10 of the Dungeon
 11253 | D:10     | Noticed Fannar
 11267 | D:10     | Killed Fannar
 11268 | D:10     | Reached skill level 15 in Unarmed Combat
 11429 | D:10     | Noticed Nergalle
 11440 | D:10     | Killed Nergalle
 11561 | D:10     | Found a staircase to the Lair.
 11582 | D:10     | Found Tezuyl's Book Boutique.
 11872 | D:10     | Found a hazy altar of Hepliaklqana.
 12733 | D:11     | Noticed a cyclops
 12733 | D:11     | Noticed a cyclops
 12744 | D:11     | Killed a cyclops
 12753 | D:11     | Killed a cyclops
 12838 | D:11     | Found an iron altar of Okawaru.
 13102 | D:12     | Reached XP level 12. HP: 94/96 MP: 17/17
 13489 | D:12     | Found a snail-covered altar of Cheibriados.
 13879 | D:12     | Identified the +1 pair of boots "Peanu" {rPois Will+ SInv}
 14117 | Lair:1   | Entered Level 1 of the Lair of Beasts
 14153 | Lair:1   | Reached skill level 1 in Shields
 15021 | Lair:1   | Reached skill level 5 in Shields
 15297 | Lair:2   | Reached ****** piety under Cheibriados
 15383 | Lair:2   | Noticed Urug
 15401 | Lair:2   | Killed Urug
 15471 | Lair:2   | Found a runed translucent door.
 15472 | Lair:2   | Noticed bahustanut's ghost (journeyman TrTm)
 15562 | Lair:2   | Noticed Harold
 15707 | Lair:2   | Reached skill level 10 in Dodging
 15780 | Lair:2   | Reached XP level 13. HP: 92/102 MP: 17/19
 16406 | Lair:3   | Found a frozen archway.
 16425 | IceCv    | Entered an ice cave
 17001 | IceCv    | Reached skill level 1 in Armour
 17050 | IceCv    | Reached skill level 5 in Armour
 17175 | IceCv    | Identified the +0 shadow dragon scales "Duegiz" {-Tele
                  | Str+4 Stlth++++}
 17183 | IceCv    | Identified the ring "Kegenom" {Fly rElec rC- Str+3}
 17586 | Lair:3   | Found a hole to the Spider Nest.
 17618 | Lair:3   | Found a staircase to the Swamp.
 18648 | Lair:4   | Got the Thoughts on Disgusting Ensorcelling
 18792 | Lair:4   | Reached XP level 14. HP: 118/118 MP: 20/20
 19297 | Lair:5   | Entered Level 5 of the Lair of Beasts
 19348 | Lair:5   | Found a dark tunnel.
 19355 | Volcano  | Entered a volcano
 19602 | Lair:5   | Reached skill level 10 in Armour
 19723 | Lair:5   | Found a staircase to the Slime Pits.
 19757 | Lair:5   | Reached skill level 10 in Fighting
 20092 | Lair:5   | Identified a scroll of acquirement
 20992 | D:13     | Learned a level 7 spell: Dragon Form
 21031 | D:13     | Got the Guidebook on Pestilent Sculpting
 21048 | D:13     | Found a gate to the Vaults.
 21413 | D:13     | Reached XP level 15. HP: 126/126 MP: 21/21
 21651 | D:13     | Identified the +3 ring mail of the Fletcher {Will+}
 22546 | D:15     | Entered Level 15 of the Dungeon
 23318 | D:15     | Found a staircase to the Depths.
 23728 | Orc:1    | Entered Level 1 of the Orcish Mines
 23728 | Orc:1    | Noticed Erolcha
 23730 | Orc:1    | Noticed an orc warlord
 23734 | Orc:1    | Killed Erolcha
 23781 | D:9      | Killed an orc warlord
 23933 | Orc:2    | Entered Level 2 of the Orcish Mines
 23941 | Orc:2    | Found a staircase to the Elven Halls.
 23979 | Orc:1    | Noticed Erica
 23985 | Orc:1    | Killed Erica
 24148 | Orc:1    | Found Sevvut's Weapon Shop.
 24842 | Orc:2    | Found Govoteeh's Antique Weapon Shop.
 24842 | Orc:2    | Found Ullaam's Armour Emporium.
 24912 | Orc:2    | Found Ymeoria's Jewellery Emporium.
 24913 | Orc:2    | Found Leet Xaetz's Antique Weapon Shop.
 25034 | Orc:2    | Bought a ring of protection from fire for 400 gold pieces
 25034 | Orc:2    | Bought a +5 ring of evasion for 576 gold pieces
 25477 | Orc:2    | Found a roughly hewn altar of Beogh.
 25595 | Lair:2   | Killed bahustanut's ghost
 25654 | Swamp:1  | Entered Level 1 of the Swamp
 25676 | Swamp:1  | Reached XP level 16. HP: 102/134 MP: 15/22
 26818 | Swamp:2  | Found a runed translucent door.
 27025 | Swamp:2  | Noticed diecastcamel's ghost (adept DjCj)
 27034 | Swamp:2  | Killed diecastcamel's ghost
 27178 | Swamp:3  | Identified the +3 chain mail of Pathos {Fly rN+ Will+
                  | Slay+5}
 27688 | Swamp:4  | Entered Level 4 of the Swamp
 28704 | Swamp:4  | Reached XP level 17. HP: 136/140 MP: 21/23
 28764 | Swamp:4  | Got a decaying rune of Zot
 28892 | Spider:1 | Entered Level 1 of the Spider Nest
 29660 | Spider:2 | Identified the ring of Roaqoj {rPois rCorr}
 29662 | Spider:2 | Noticed Asterion
 29665 | Spider:2 | Killed Asterion
 30763 | Spider:3 | Got the Dissertation on Transmogrification and Hypothermia
 31857 | Spider:4 | Entered Level 4 of the Spider Nest
 32270 | Spider:4 | Reached XP level 18. HP: 114/147 MP: 0/24
 32588 | Spider:4 | Reached skill level 27 in Unarmed Combat
 33004 | Spider:4 | Got a gossamer rune of Zot
 33410 | Elf:1    | Entered Level 1 of the Elven Halls
 33897 | Elf:1    | Found Cineytif's Magic Scroll Boutique.
 33966 | Elf:1    | Found Lohimoar's Magic Scroll Shop.
 34057 | Elf:1    | Bought a scroll of magic mapping for 120 gold pieces
 34057 | Elf:1    | Bought a scroll of teleportation for 48 gold pieces
 34057 | Elf:1    | Bought 2 scrolls of teleportation for 96 gold pieces
 34132 | Elf:1    | Found Qiycof's Distillery.
 34144 | Elf:1    | Bought a potion of might for 44 gold pieces
 34144 | Elf:1    | Bought a potion of resistance for 110 gold pieces
 34144 | Elf:1    | Bought a potion of flight for 33 gold pieces
 34144 | Elf:1    | Bought a potion of curing for 33 gold pieces
 34268 | Elf:1    | Found Hateuw's Distillery.
 34276 | Elf:1    | Bought a potion of invisibility for 144 gold pieces
 34276 | Elf:1    | Bought a potion of curing for 54 gold pieces
 34276 | Elf:1    | Bought a potion of flight for 54 gold pieces
 35122 | Elf:2    | Found a runed translucent gate.
 35124 | Elf:2    | Found a runed translucent gate.
 35129 | Elf:2    | Found a runed translucent gate.
 35974 | Elf:2    | Reached skill level 15 in Armour
 36026 | Elf:2    | Reached XP level 19. HP: 149/154 MP: 21/25
 36289 | Elf:3    | Entered Level 3 of the Elven Halls
 36304 | Elf:3    | Found Miox's Jewellery Shop.
 36314 | Elf:3    | Found Qiblypp's Armour Shop.
 36422 | Elf:3    | Noticed a Brimstone Fiend
 36423 | Elf:3    | Noticed a Hell Sentinel
 36655 | Elf:3    | Found a portal to a secret trove of treasure.
 36704 | Elf:3    | Paralysed by an air elemental for 1 turns
 36921 | Elf:3    | Identified the ring of Ygunnu Lero {rPois Int+6 Stlth+}
 36922 | Elf:3    | Identified the +0 great sword "Gigopniafimn" {drain, rN+
                  | Dex+2}
 36922 | Elf:3    | Identified the amulet "Rivoisor" {rN+ Regen+}
 37153 | Elf:3    | Identified the +5 halberd "Odiystal" {flame, rC- Str+6
                  | Stlth+}
 37154 | Elf:3    | Identified the +0 leather armour "Cuut" {rF+ Dex+5 Stlth+}
 37166 | Elf:3    | Identified the +9 long sword of Ascent {freeze, *Slow rF++
                  | rN+ Int+3}
 37166 | Elf:3    | Identified the +5 dagger "Bolivy" {holy, rN+ Dex+3}
 37344 | Elf:3    | Identified the +7 hand axe of Zin, Wizarding {heavy, Str+3}
 37415 | Elf:3    | Identified the +6 flail of Muuxt {venom, rN+ Dex+2 SInv}
 37415 | Elf:3    | Identified the +11 shadow dragon scales of Death Resistance
                  | {rPois Slay-4 SInv Stlth++++}
 37572 | Elf:3    | Identified the +0 scale mail of Clean Surprise {*Slow MP+9
                  | Dex+5}
 38036 | Vaults:1 | Entered Level 1 of the Vaults
 38536 | Vaults:1 | Found Ireo's Book Emporium.
 38796 | Vaults:1 | Reached skill level 15 in Dodging
 38806 | Vaults:1 | Reached XP level 20. HP: 152/161 MP: 26/26
 39088 | Vaults:1 | Found a transporter.
 39098 | Vaults:1 | Found a transporter.
 39098 | Vaults:1 | Found the sphere of Battle
 39785 | Vaults:2 | Found Atzutem's Book Shop.
 39976 | Vaults:2 | Found the +10 Black Knight's barding {ponderous, rPois rN+}
 40085 | Vaults:2 | Found a staircase to the Crypt.
 40762 | Vaults:3 | Reached skill level 15 in Fighting
 40876 | Vaults:3 | Found Uroir's Armour Shop.
 40931 | Vaults:3 | Noticed Saint Roka
 40957 | Vaults:3 | Killed Saint Roka
 41060 | Vaults:3 | Found Ohishaf's Assorted Antiques.
 41061 | Vaults:3 | Found Udusyami's Book Emporium.
 41089 | Vaults:3 | Bought a scroll of enchant armour for 285 gold pieces
 41089 | Vaults:3 | Bought a potion of might for 152 gold pieces
 41089 | Vaults:3 | Bought a potion of might for 152 gold pieces
 41173 | Vaults:3 | Found Bonosen's General Store.
 41177 | Vaults:3 | Bought a scroll of teleportation for 54 gold pieces
 41177 | Vaults:3 | Bought a scroll of teleportation for 54 gold pieces
 41589 | Vaults:3 | Found Ufimp's Antique Armour Shop.
 41598 | Vaults:3 | Bought a shiny tower shield for 382 gold pieces
 41903 | Vaults:3 | Reached XP level 21. HP: 158/189 MP: 27/27
 42365 | Vaults:4 | Reached skill level 10 in Shields
 42664 | Vaults:4 | Noticed an ancient lich
 42673 | Vaults:4 | Killed an ancient lich
 42754 | Vaults:4 | Found a transporter.
 42813 | Vaults:4 | Found a transporter.
 43242 | Crypt:1  | Entered Level 1 of the Crypt
 43703 | Crypt:1  | Identified the amulet of Equilibrium {RegenMP *Slow Will++}
 44562 | Crypt:2  | Got the Secrets of Bad Luck and the Mob
 44872 | Crypt:2  | Reached skill level 15 in Shields
 45072 | Crypt:3  | Entered Level 3 of the Crypt
 45153 | Crypt:3  | Reached XP level 22. HP: 110/196 MP: 28/28
 45622 | Crypt:3  | Found a staircase to the Tomb.
 46152 | Crypt:3  | Found an ancient bone altar of Kikubaaqudgha.
 46159 | Crypt:3  | Found a basalt altar of Yredelemnul.
 46185 | Crypt:3  | Found the +8 Vampire's Tooth {megavamp}
 46463 | Vaults:5 | Entered Level 5 of the Vaults
 47131 | Vaults:5 | Reached XP level 23. HP: 203/214 MP: 29/29
 47336 | Vaults:5 | Identified the ring "Xialap" {rC+ Str+6 Slay+3 SInv}
 47344 | Vaults:5 | Noticed a golden dragon
 47346 | Vaults:5 | Identified the +1 steam dragon scales of Rihu {SInv}
 47360 | Vaults:5 | Killed a golden dragon
 47466 | Vaults:5 | Identified the ring of Visem {rN+ Will+ Int+2}
 47599 | Vaults:5 | Identified the staff of earth "Zebuneru" {Str+7}
 47607 | Vaults:5 | Got a silver rune of Zot
 47610 | Vaults:5 | Identified the staff of air "Vexaywutt" {rElec rPois rC-
                  | Str+6 SInv}
 47624 | Vaults:5 | Identified the +2 short sword "Amowalet" {freeze, Drain Fly
                  | Int+2}
 47725 | Vaults:5 | Noticed Boris
 47735 | Vaults:5 | Killed Boris
 47788 | Vaults:5 | Noticed an ancient lich
 47799 | Vaults:5 | Killed an ancient lich
 48675 | Depths:1 | Entered Level 1 of the Depths
 48798 | Depths:1 | Noticed a golden dragon
 48816 | Depths:1 | Killed a golden dragon
 48818 | Depths:1 | Noticed a juggernaut
 48823 | Depths:1 | Killed a juggernaut
 48857 | Depths:1 | Noticed a caustic shrike
 48860 | Depths:1 | Killed a caustic shrike
 49089 | Depths:1 | Found Weohemm's Book Emporium.
 49124 | Depths:1 | Found a gateway to Hell.
 49186 | Depths:1 | Gained mutation: You are weak. (Str -2) [a shining eye]
 49291 | Depths:1 | Found a runed translucent door.
 49291 | Depths:1 | Noticed Allukodu's ghost (veteran MiGl)
 49313 | Depths:1 | Killed Allukodu's ghost
 49375 | Depths:1 | Reached XP level 24. HP: 237/237 MP: 29/29
 49541 | Depths:1 | Noticed Mara
 49551 | Depths:1 | Noticed LordWeiramon's illusion
 49551 | Depths:1 | Killed Mara
 49751 | Depths:1 | Found a one-way gate to the infinite horrors of the Abyss.
 50075 | Depths:2 | Found a one-way gate leading to the halls of Pandemonium.
 50199 | Depths:2 | Found Qempoimmu's Distillery.
 50202 | Depths:2 | Bought a potion of curing for 39 gold pieces
 50202 | Depths:2 | Bought a potion of curing for 39 gold pieces
 50202 | Depths:2 | Bought 2 potions of curing for 78 gold pieces
 50202 | Depths:2 | Bought a potion of curing for 39 gold pieces
 50202 | Depths:2 | Bought a potion of curing for 39 gold pieces
 50202 | Depths:2 | Bought a potion of mutation for 104 gold pieces
 50672 | Depths:2 | Identified the +10 short sword of Ilerphem {venom, Str+4}
 51309 | Depths:3 | Found Qockunui's Jewellery Emporium.
 51310 | Depths:3 | Found Xaum's Book Shop.
 51322 | Depths:3 | Found Ipsuifea's Book Shop.
 51546 | Depths:3 | Found a one-way gateway to a ziggurat.
 51730 | Depths:3 | Reached skill level 27 in Fighting
 52026 | Depths:4 | Entered Level 4 of the Depths
 52176 | Depths:4 | Reached XP level 25. HP: 236/257 MP: 29/29
 52237 | Depths:4 | Noticed a juggernaut
 52245 | Depths:4 | Killed a juggernaut
 52461 | Depths:4 | Reached skill level 10 in Evocations
 52496 | Depths:4 | Noticed a juggernaut
 52509 | Depths:4 | Killed a juggernaut
 52608 | Depths:4 | Noticed Boris
 52617 | Depths:4 | Killed Boris
 52980 | Depths:4 | Found a gate to the Realm of Zot.
 53119 | Zot:1    | Entered Level 1 of the Realm of Zot
 53120 | Zot:1    | Noticed an orb of fire
 53152 | Zot:1    | Noticed Parghit
 53167 | Zot:1    | Killed Parghit
 53571 | Elf:3    | You paid a toll of +7 gold dragon scales to enter a
                  | treasure trove
 53572 | Trove    | Entered a treasure trove
 53577 | Trove    | Found the +1 cloak of Starlight {*Dazzle EV+4 Stlth--}
 53587 | Trove    | Identified the +1 plate armour "Gokki" {rF+}
 53590 | Trove    | Identified the ring "Kecare" {rPois rF+ rC- rCorr}
 54177 | Zot:1    | Identified the +7 dagger of the Crypt {heavy, rElec rN+
                  | Dex-4}
 54189 | Zot:1    | Found a shimmering blue altar of Sif Muna.
 54243 | Zot:1    | Noticed an orb of fire
 54245 | Zot:1    | Found a transporter.
 54248 | Zot:1    | Noticed a dread lich
 54631 | Zot:1    | Noticed an ancient lich
 54650 | Zot:1    | Acquired the +1 pair of boots of the Gusle {Contam Will++
                  | rCorr Dex+3}
 55110 | D:1      | Bought 2 potions of invisibility for 176 gold pieces
 55110 | D:1      | Bought a potion of experience for 550 gold pieces
 55551 | Zot:2    | Found a runed translucent door.
 55561 | Zot:2    | Noticed Atisk's ghost (master MfBe)
 55562 | Zot:2    | You fall into a shaft and drop 2 floors!
 56167 | Zot:2    | Reached skill level 15 in Evocations
 56300 | Zot:2    | Reached XP level 26. HP: 266/266 MP: 29/29
 56945 | Zot:2    | Killed Atisk's ghost
 56964 | Zot:2    | Identified the +2 hat of Generosity {+Inv rElec rF+ rN+
                  | Dex-3}
 56978 | Zot:2    | Got the Grimoire of Earth
 57047 | Zot:3    | Found a transporter.
 57293 | Zot:3    | Found a transporter.
 57544 | Zot:3    | Found a transporter.
 57798 | Zot:3    | Found a transporter.
 58649 | Zot:5    | Entered Level 5 of the Realm of Zot
 58968 | Zot:5    | Noticed an ancient lich
 58991 | Zot:5    | Killed an ancient lich
 59019 | Zot:5    | Noticed a Killer Klown
 59037 | Zot:5    | Killed a Killer Klown
 59041 | Zot:5    | Noticed an orb of fire
 59053 | Zot:5    | Gained mutation: You have hidden genetic potential. [an orb
                  | of fire]
 59060 | Zot:5    | Killed an orb of fire
 59116 | Zot:5    | Noticed a Killer Klown
 59132 | Zot:5    | Killed a Killer Klown
 59142 | Zot:5    | Reached XP level 27. HP: 273/273 MP: 29/29
 59148 | Zot:5    | Noticed an orb of fire
 59148 | Zot:5    | Gained mutation: You expend magic power (3 MP) to
                  | strengthen your wands. [an orb of fire]
 59157 | Zot:5    | Killed an orb of fire
 59158 | Zot:5    | Noticed a dread lich
 59159 | Zot:5    | Noticed an ancient lich
 59167 | Zot:5    | Killed an ancient lich
 59184 | Zot:5    | Noticed an ancient lich
 59195 | Zot:5    | Killed a dread lich
 59206 | Zot:5    | Killed an ancient lich
 59214 | Zot:5    | Noticed an ancient lich
 59220 | Zot:5    | Killed an ancient lich
 59421 | Zot:5    | Noticed an ancient lich
 59428 | Zot:5    | Killed an ancient lich
 59435 | Zot:5    | Noticed an ancient lich
 59439 | Zot:5    | Killed an ancient lich
 59894 | Zot:5    | Got the Orb of Zot
 60103 | Depths:4 | Noticed Kiega the pandemonium lord
 60371 | D:7      | Noticed Ogucered the pandemonium lord
 60451 | D:3      | Gained mutation: Your body sometimes deteriorates upon
                  | taking damage. [a cacodemon]
 60455 | D:3      | Gained mutation: Your spells are a little easier to cast,
                  | but a little less powerful. [a cacodemon]
 60533 | D:$      | Escaped with the Orb!

Illustrated notes

Levels and vault maps discovered:
D:1:      matt_arrival_grand_opening, layout_basic, serial_shops,
          nicolae_shop_industrial_runoff, minmay_box_of_dots
D:2:      layout_basic, uniq_robin, uniq_terence
D:3:      layout_basic, nicolae_tso_swordbearing_angel, serial_shops, shop,
          portal_sewer_entry_a, minivault_26, uniq_crazy_yiuf_cottage,
          uniq_sigmund
D:4:      layout_basic, old_standard_altar, serial_shops, shop, uniq_duvessa
D:5:      layout_basic, mainiacjoe_overflow_six_doors_small,
          nicolae_dithmenos_through_a_glass_darkly, minmay_temple_entry_arrows,
          ebering_ghost_disaster_area, minmay_manual_mares
D:6:      layout_basic, amcnicky_altar_gilded,
          mainiacjoe_overflow_surrounded_room, minmay_misc_feat_doors,
          nicolae_stop_n_shop_2
D:7:      layout_loops_corners, lemuel_round_altar, kennysheep_donut,
          dk_vineyard_3, nicolae_shop_overcharged_wands, uniq_joseph,
          uniq_maggie
D:8:      layout_cave_pools, lemuel_doored_altar, vehumet_altar_wand_db,
          fungi_pond_lemuel, minmay_crystal_water,
          nicolae_kite_square_tiling_tiny, uniq_psyche
D:9:      layout_long_grid, nicolae_qazlal_scattered_showers, david_orc_1_choice
D:10:     layout_stronghold, lemuel_round_altar, erik_lair_island, serial_shops,
          shop, minmay_diced_spiral, uniq_nergalle, uniq_fannar
D:11:     layout_cross, okawaru_altar_gauntlet_db
D:12:     layout_gridville, cheibriados_altar_1
D:13:     layout_roguey, grunt_vaults_entry_tiered
D:14:     layout_gridville, hangedman_decor_lopped
D:15:     hangedman_depths_entry_try_elsewhere_first, layout_loops_ring,
          serial_glass, glass_columns_a, glass_columns_a, item_on_display_a,
          roderic_lattice_a
Temple:   hellmonk_temple_divided_pantheon
Lair:1:   beast_lair_carwin_large_1, layout_long_grid, serial_bayou_ford_a
Lair:2:   cheibrodos_lair_river_kwai, layout_small_grid, gammafunk_ghost_grave,
          pdpol_lair_cabin_in_the_woods, uniq_harold, uniq_urug
Lair:3:   layout_layer_cave, swamp_mist, spider_nest_entry_rubble,
          gauntlet_entry_generic, portal_ice_cave_entry_pillars_2
Lair:4:   nzn_winding_woodlands_cross [nzn_winding_woodlands_5x15_longhouse,
          nzn_winding_woodlands_5x15_sidewinder,
          nzn_winding_woodlands_5x15_parted, nzn_winding_woodlands_5x15_crooked,
          nzn_winding_woodlands_15x15_eel_pit], layout_gridlike,
          lemuel_fruit_tree
Lair:5:   minmay_lair_end_enchanted_forest, layout_regular_city, slime_entry_1,
          nicolae_volcano_entry_hallway, lemuel_fruit_fields,
          infiniplex_staircase_pool
Swamp:1:  layout_falls_marsh, evilmike_swamp_ruin_rubble_2
Swamp:2:  layout_falls_marsh, ebering_ghost_reflecting_pool,
          evilmike_swamp_ruin_rubble_1
Swamp:3:  layout_basic_swamp, evilmike_swamp_ruin_house_4, swamp_pool4
Swamp:4:  swamp_icy, layout_basic_swamp
Spider:1: layout_spider_delve
Spider:2: layout_spider_delve, uniq_asterion
Spider:3: layout_spider_delve
Spider:4: grunt_spider_rune_island
Orc:1:    layout_caves, serial_shops, shop_fountains, uniq_erolcha, uniq_erica
Orc:2:    st_orc_town, layout_caves, mines2_lemuel
Elf:1:    minmay_elf_arrival_summoners, layout_loops_corners, serial_shops,
          shop, nicolae_shop_statue_plus, nicolae_shop_statue_plus,
          nicolae_shop_statue_plus, evilmike_minifort, minivault_16
Elf:2:    nicolae_elf_blades_splatter_lattice
          [nicolae_vaults_blade_armed_guards], layout_geoelf_grid
Elf:3:    minmay_elf_hall_x, layout_geoelf_octagon, nicolae_trove_entry_crystal,
          grunt_ministairs_9, minmay_shop_star
Vaults:1: nicolae_vaults_double_plus_1, vaults_room_fours,
          nicolae_vaults_apartment_2, gammafunk_sealed_arena, v_rooms_6,
          nicolae_vaults_weapon_check, v_misc_11, nicolae_vaults_house_3,
          vaults_room_grunt_arrival_ludios, vaults_room_grid,
          layout_vaults_quadrants, serial_shops, shop
Vaults:2: vaults_room_pools, nicolae_vaults_tetromino_T_2,
          minmay_crypt_entry_simple_round, ontoclasm_vaults_fault,
          ontoclasm_vaults_ring_small, nicolae_vaults_mush_room,
          nicolae_vaults_little_squares_5, grunt_vaults_funnel,
          nicolae_vaults_theta, nicolae_vaults_shelves_hall, vaults_room_pool,
          layout_vaults_big_room, serial_shops, shop
Vaults:3: nicolae_vaults_security_offices_1, vaults_dpeg_emergency_exit,
          nicolae_vaults_big_angled_halls, nicolae_vaults_little_squares_1,
          v_misc_9, nicolae_vaults_tetromino_L_2, vaults_mumra_hexcomb,
          nicolae_vaults_closet_pinwheel_2, vaults_dpeg_cross,
          nicolae_vaults_ellipses_ellipsis,
          nicolae_vaults_windows_and_doors_thing, hangedman_vaults_nails,
          nicolae_vaults_tetromino_Z_2, vaults_dpeg_hooks,
          ontoclasm_vaults_idyll, nicolae_vaults_shelves_hall,
          layout_vaults_ring, serial_shops, nicolae_shop_pleasant_corner_grove,
          shop, nicolae_shop_tiny_statue_garden, shop_coins, shop,
          uniq_saint_roka
Vaults:4: nicolae_vaults_ring_of_whatevers, hangedman_vaults_river_flow,
          v_misc_23, gammafunk_its_a_trap, nicolae_vaults_tetromino_L_2,
          nicolae_vaults_diamond_2, nicolae_vaults_trapezoid_3,
          nicolae_vaults_asterisk, v_misc_5, vaults_standard_mumra_x, v_misc_26,
          vaults_room_fours, layout_vaults_maze_snakey
Vaults:5: uniq_boris, uniq_margery
Crypt:1:  layout_regular_city, st_stairs_5, grunt_crypt_arrival_guarded_gate
Crypt:2:  layout_catacombs
Crypt:3:  lightli_unholy_cathedral, layout_chaotic_city,
          nicolae_tomb_entry_unfolded_pyramid_orthogonal
Depths:1: layout_gridlike, hellmonk_ghost_happy_afterlife,
          nicolae_hell_entry_hellmouth_sunbeams, abyss_entry_crystal,
          serial_shops, shop, minmay_misc_feat_plants,
          chequers_serial_rivers_small_3, serial_bayou_pond_c,
          minmay_pinched_square, uniq_mara
Depths:2: minmay_the_grid_octo_tiled_squarecenter
          [minmay_the_grid_octo_pinwheel, minmay_the_grid_octo_chip,
          minmay_the_grid_octo_77, minmay_the_grid_octo_toaster,
          minmay_the_grid_square_5x5_megaprize_checkered,
          minmay_the_grid_square_5x5_inner_i, minmay_the_grid_square_5x5_mess,
          minmay_the_grid_square_5x5_two_small,
          minmay_the_grid_square_5x5_plus], layout_small_grid,
          rand_demon_pan_entry_8, hell_entry, serial_shops,
          nicolae_shop_tiny_real_fake_doors, st_stairs_10,
          minmay_staircase_bubble
Depths:3: wad_cavern_with_rooms, layout_gridlike, ziggurat_fallback,
          grunt_pan_entry_in_and_out, pf_hell_entry_tar_river, abyss_entry,
          kennysheep_cluttered_room, minmay_shop_grove
Depths:4: grunt_zot_entry_gee_three, layout_gridville,
          hangedman_abyss_or_decor_jellyfish_corner, pf_hell_entry_great_geh
Zot:1:    gammafunk_sealed_library, layout_twisted_circle, uniq_parghit
Zot:2:    layout_onion, hellmonk_ghost_big_iron, hangedman_swamp_dais
Zot:3:    layout_gridlike, nicolae_diode_intersection
Zot:4:    lemuel_draconian_sentries_small, layout_misc_corridors
Zot:5:    layout_misc_corridors, lemuel_baited_zot_trap

Skill      XL: |  1  2  3  4  5  6  7  8  9 10 11 12 13 14 15 16 17 18 19 20 21 22 23 24 25 26 27 |
---------------+----------------------------------------------------------------------------------+-----
Unarmed Combat | 4 5 6 7 8 9 10 11 14 16 18 21 24 26 27 | 27.0
Fighting       | 4 5 6 9 10 16 19 23 27 | 27.0
Evocations     | 5 7 15 17 | 17.0
Dodging        | 3 6 7 10 11 15 | 15.0
Invocations    | 4 5 7 8 |  8.1
Shields        | 5 7 15 17 | 17.3
Armour         | 8 10 15 21 24 | 24.9

Action                     |  1- 3 |  4- 6 |  7- 9 | 10-12 | 13-15 | 16-18 | 19-21 | 22-24 | 25-27 || total
---------------------------+-------+-------+-------+-------+-------+-------+-------+-------+-------++-------
  Melee: Unarmed           |   117 |   191 |   353 |   589 |  1265 |  1088 |  1313 |  1627 |  1215 ||  7758
         Punch             |       |     1 |       |       |       |       |       |       |       ||     1
 Invoke: Slouch            |       |       |       |     1 |     5 |     7 |     6 |     1 |       ||    20
         Temporal Distorti |       |       |       |     3 |     1 |     9 |     6 |     4 |     6 ||    29
         Bend Time         |       |       |       |     3 |       |       |       |       |       ||     3
  Evoke: Wand              |       |       |     6 |    12 |     7 |    47 |     4 |     1 |    18 ||    95
         Lightning rod     |       |       |       |       |     4 |     4 |       |       |       ||     8
         Condenser vane    |       |       |       |       |       |       |     1 |       |       ||     1
    Use: Scroll            |     3 |     3 |     4 |     7 |    12 |    11 |    10 |     6 |     5 ||    61
         Potion            |       |     4 |     4 |     2 |       |     2 |     8 |     1 |     8 ||    29
   Stab: Invisible         |       |     1 |       |       |       |       |       |       |    10 ||    11
         Paralysed         |       |       |    17 |     2 |       |     5 |       |       |       ||    24
         Sleeping          |       |       |       |     1 |     4 |       |       |       |       ||     5
         Distracted        |       |       |       |       |     1 |     1 |       |       |       ||     2
 Armour: Robe              |    17 |       |       |       |    14 |       |       |       |       ||    31
         Leather armour    |     4 |    61 |    92 |   102 |     2 |       |       |       |       ||   261
         Crystal plate arm |       |       |       |       |   299 |   440 |   343 |   286 |   297 ||  1665
  Dodge: Dodged            |    49 |    93 |   166 |   464 |   567 |   712 |   649 |   564 |   398 ||  3662
  Block: Kite shield       |       |       |       |    31 |   789 |   639 |   369 |       |       ||  1828
         Buckler           |       |       |       |    30 |       |       |       |       |       ||    30
         Tower shield      |       |       |       |       |       |       |   440 |  1354 |   877 ||  2671
